AoeStats
← Dafixios

Arabia

508116770Analyzed
1v1 RM · 12d ago on Sep 21, 2026· 43m 7s· 2 players
Game mode
Random Map
Map size
Tiny (2 player)
Population
200
Speed
Normal
Resources
Standard
Victory
Conquest
Starting age
Dark Age
Ending age
Imperial Age
RankedLock teamsTeams togetherTeam positionsShared explorationLock speedFull tech treeHidden civsTurbo modeCheats
Victory
Defeat
🇹🇼 Huns · Taiwan
1220
+16
🇲🇽 Japanese · Mexico
1211
-16
Dafixios
5:06 Loom
9:01 Feudal Age
9:53 Man-at-Arms
12:40 Wheelbarrow
13:23 Double-Bit Axe
21:26 Castle Age
19:22 Fletching
20:21 Horse Collar
20:47 Padded Archer Armor
23:34 Husbandry
32:58 Town Watch
33:58 Elite Skirmisher
36:30 Ballistics
40:03 Imperial Age
38:54 Treadmill Crane
40:32 Hand Cart
41:34 Conscription
44:22 Chemistry
中山路59號
6:25 Loom
9:04 Feudal Age
14:13 Double-Bit Axe
15:00 Horse Collar
16:06 Fletching
21:58 Castle Age
20:20 Padded Archer Armor
21:17 Bloodlines
21:30 Gold Mining
23:13 Bodkin Arrow
23:31 Bow Saw
23:23 Heavy Plow
25:06 Town Watch
31:50 Stone Mining
32:36 Gold Shaft Mining
32:31 Forging
32:45 Light Cavalry
34:14 Scale Barding Armor
39:57 Imperial Age
37:53 Leather Archer Armor
38:37 Chain Barding Armor
39:32 Iron Casting
40:38 Ballistics
42:52 Chemistry
41:15 Hussar
Connection lost

Rejoining the realm…

Still unreachable

The connection could not be restored.

Session expired

The server has moved on; the page needs a fresh start.